 Dungeon Crawl Stone Soup version 0.18.1-48-g4cf74bf (webtiles) character file.

11018 GFox the Cleaver (level 11, -2/148 HPs)
             Began as a Minotaur Fighter on July 16, 2016.
             Was an Elder of Cheibriados.
             Slain by an ice devil (8 damage)
             ... summoned by a kobold demonologist
             ... on level 13 of the Dungeon on July 18, 2016.
             The game lasted 01:11:06 (9383 turns).

GFox the Cleaver (Minotaur Fighter)                 Turns: 9383, Time: 01:11:07

Health: -2/148     AC: 28    Str: 37    XL:     11   Next: 43%
Magic:  6/10       EV:  2    Int: 14    God:    Cheibriados [****..]
Gold:   735        SH: 15    Dex: 25    Spells: 0 memorised, 10 levels left

rFire  + + .     SeeInvis .     a - +0 war axe
rCold  + . .     Gourm    .     (armour currently unavailable)
rNeg   + + +     Faith    .     c - +0 shield
rPois  +         Spirit   .     (helmet currently unavailable)
rElec  +         Dismiss  +     (cloak currently unavailable)
rCorr  +         Reflect  .     (gloves currently unavailable)
SustAt .         Harm     .     (boots currently unavailable)
MR     .....     NoTele   +     P - amulet of dismissal
Stlth  ++++......               K - ring of protection from fire
                                r - +3 ring of protection

@: mighty, agile, tree-form, resistant, very slow, not resistant to hostile
enchantments, stealthy
A: (retaliatory headbutt), (fangs 0), (horns 0), blurry vision 1, mutation
resistance 1, (poison resistance)
a: Bend Time, Temporal Distortion, Slouch, Renounce Religion


You were on level 13 of the Dungeon.
You worshipped Cheibriados.
Cheibriados was greatly pleased with you.
You were hungry.
You were a tree.
You visited 2 branches of the dungeon, and saw 13 of its levels.
You also visited: Sewer.

You collected 735 gold pieces.

Inventory:

Hand Weapons
 a - a +0 war axe (weapon)
Armour
 c - a +0 shield (worn)
 l - a +0 pair of gloves (melded)
 A - a +0 plate armour (melded)
 D - a +0 cloak (melded)
Rods
 B - a +2 lightning rod (14/14)
   (You found it on level 10 of the Dungeon)
Jewellery
 r - a +3 ring of protection (left branch)
 K - a ring of protection from fire (right branch)
 P - an amulet of dismissal (around neck)
Wands
 b - a wand of teleportation (7/9)
 w - a wand of slowing (13/48)
 y - a wand of iceblast (6/15)
 E - a wand of acid (7/15)
 I - a wand of slowing (27/48)
 J - a wand of flame (14/48)
 M - a wand of flame (26/48)
 N - a wand of iceblast (5/15)
Scrolls
 e - 2 scrolls of fog
 g - 10 scrolls of remove curse
 j - 2 scrolls of identify
 m - 4 scrolls of magic mapping
 q - a scroll of enchant weapon
 s - 3 scrolls of blinking
 t - 3 scrolls of amnesia
 u - 3 scrolls of fear
 z - a scroll of enchant armour
 C - 3 scrolls of teleportation
Potions
 h - a potion of magic
 k - 3 potions of lignification
 p - a potion of agility
Comestibles
 f - 8 bread rations
 i - 7 meat rations
 n - a fruit
 x - a royal jelly
 O - a beef jerky


   Skills:
 + Level 9.7 Fighting
 + Level 11.4 Axes
 + Level 10.0 Armour
 + Level 6.4 Dodging
 + Level 1.3 Stealth
 + Level 11.4 Shields
 + Level 1.2 Invocations
 + Level 0.1 Evocations


You had 10 spell levels left.
You didn't know any spells.

Dungeon Overview and Level Annotations

Branches:
Dungeon (11/15)            Temple (1/1) D:7            Lair (0/8) D:9
    Orc: D:9-12

Altars:
Ashenzari
Cheibriados
Dithmenos
Elyvilon
Fedhas
Gozag
Kikubaaqudgha
Makhleb
Pakellas
Qazlal
Ru
Sif Muna
Trog
Vehumet
Xom
The Shining One

Shops:
D:8 =


Innate Abilities, Weirdness & Mutations

((You reflexively headbutt those who attack you in melee.))
((You have a pair of horns on your head.))
((You have very sharp teeth.))
Scrolls take you a little longer to read.
You are somewhat resistant to further mutation.
((Your system is resistant to poisons.))


Message History

You slash the yak!
You kill the yak!
Cheibriados appreciates the change of pace.
You hit the yak.
The yak is severely wounded.
You slash the kobold demonologist!
The kobold demonologist is severely wounded.
The hellwing blocks your attack.
You hit the hellwing but do no damage. You hit the ice devil.
The ice devil is lightly wounded.
You block the ice devil's attack.
You block the kobold demonologist's attack.
The yak gores you but does no damage. x2
The kobold demonologist hits you but does no damage.
The hellwing hits you but does no damage. x2
You block the hellwing's attack. x2
Drink which item? (? for menu, Esc to quit)
You feel agile all of a sudden. The ice devil hits you!
You die...

..) .. )) .####.
##########).....
##...(.##........
#.....((KYW......
#...(.(.†4♣Y3.....
#........44K5(....
#.......o.55......
#.................
#.................
#.................
##................
......##........


You could see 2 hellwings, an ice devil, 2 kobold demonologists, 2 yaks, a chaos
spawn, a wraith, an orc warrior, an iron imp, a shadow imp and an ufetubus.

Vanquished Creatures
  Harold (D:10)
  The ghost of XYNTA the Martial Artist, a novice OpTm of Ashenzari (D:10)
  Sonja (D:10)
  The ghost of ayyllmao the Cudgeler, a novice TrBe of Trog (D:6)
  3 hill giants
  An ugly thing (D:13)
  A cyclops (D:11)
  A centaur zombie (D:13)
  The ghost of tschems the Skirmisher, a novice HuBe of Trog (D:4)
  2 trolls (D:10)
  9 yaks
  A hippogriff (D:10)
  3 orc warriors
  An ice beast (D:13)
  A black bear (D:4)
  A wasp (D:11)
  2 sky beasts
  7 ogres
  7 centaurs
  A big kobold (D:13)
  A gnoll sergeant (D:5)
  4 giant frogs
  5 scorpions
  2 howler monkeys (D:10)
  5 crimson imps
  A wyvern simulacrum (D:13)
  A quasit (D:7)
  2 jellies
  A giant frog skeleton (D:10)
  A centaur skeleton (D:10)
  4 orc priests
  3 hounds
  11 orc wizards
  An iguana (D:4)
  8 worker ants
  A killer bee zombie (D:9)
  An ogre zombie (D:11)
  7 adders
  3 gnolls (D:5)
  5 river rats
  5 shadow imps
  3 white imps
  An ufetubus (D:13)
  An ooze (D:2)
  3 adder skeletons
  2 worms
  4 dart slugs
  2 giant geckos
  16 orcs
  5 ball pythons (Sewer)
  8 giant cockroaches
  7 goblins
  8 hobgoblins
  26 jackals
  3 quokkas
  20 bats
  2 giant cockroach zombies
  A giant gecko skeleton (D:6)
  12 giant newts
  2 goblin skeletons (D:9)
  A hobgoblin skeleton (D:11)
  3 hobgoblin zombies
  17 kobolds
  3 kobold skeletons (D:9)
  3 kobold zombies (D:9)
  An orc skeleton (D:9)
  A quokka skeleton (D:6)
  14 rats
  A fungus (D:9)
  4 plants (Sewer)
292 creatures vanquished.

Vanquished Creatures (others)
  A fungus (D:9)
1 creature vanquished.

Grand Total: 293 creatures vanquished

Notes
Turn   | Place    | Note
--------------------------------------------------------------
     0 | D:1      | GFox the Minotaur Fighter began the quest for the Orb.
     0 | D:1      | Reached XP level 1. HP: 19/19 MP: 0/0
   176 | D:1      | Reached XP level 2. HP: 27/27 MP: 1/1
   363 | D:1      | Found a shattered altar of Ashenzari.
   535 | D:2      | Found an oddly glowing altar of Pakellas.
   574 | D:2      | Reached XP level 3. HP: 32/33 MP: 2/2
   754 | D:2      | Found a blossoming altar of Fedhas.
  1292 | D:3      | Reached XP level 4. HP: 40/40 MP: 3/3
  1710 | D:3      | Reached skill level 1 in Dodging
  1835 | D:3      | Found a shadowy altar of Dithmenos.
  1928 | D:4      | Reached XP level 5. HP: 38/47 MP: 4/4
  2079 | D:4      | Found an opulent altar of Gozag.
  2103 | D:4      | Noticed tschems's ghost (novice HuBe)
  2115 | D:4      | Killed tschems's ghost
  2115 | D:4      | Reached skill level 5 in Fighting
  2115 | D:4      | Reached skill level 5 in Armour
  2115 | D:4      | Reached skill level 5 in Shields
  2115 | D:4      | Reached XP level 6. HP: 52/56 MP: 5/5
  2134 | D:4      | Reached XP level 7. HP: 59/61 MP: 6/6
  2151 | D:4      | Found a glowing drain.
  2155 | Sewer    | Entered a sewer
  2537 | Sewer    | Gained mutation: Scrolls take you a little longer to read. [potion of mutation]
  2537 | Sewer    | Gained mutation: You are agile. (Dex +2) [potion of mutation]
  2537 | Sewer    | Lost mutation: You are agile. (Dex +2) [potion of mutation]
  2846 | D:4      | Reached skill level 5 in Axes
  3988 | D:5      | Entered Level 5 of the Dungeon
  4003 | D:5      | Reached XP level 8. HP: 64/70 MP: 7/7
  4027 | D:5      | Reached skill level 1 in Stealth
  4747 | D:6      | Gained mutation: You are somewhat resistant to further mutation. [potion of mutation]
  4748 | D:6      | Gained mutation: Your system is resistant to poisons. [potion of mutation]
  4748 | D:6      | Gained mutation: You have very sharp teeth. [potion of mutation]
  4903 | D:6      | Noticed ayyllmao's ghost (novice TrBe)
  4923 | D:6      | Killed ayyllmao's ghost
  5145 | D:6      | Reached skill level 5 in Dodging
  5145 | D:6      | Reached XP level 9. HP: 76/79 MP: 8/8
  6307 | D:7      | Found a staircase to the Ecumenical Temple.
  6340 | Temple   | Entered the Ecumenical Temple
  6454 | Temple   | Became a worshipper of Cheibriados the Contemplative
  6485 | D:7      | Found a bloodstained altar of Trog.
  7225 | D:8      | Found a burning altar of Makhleb.
  7369 | D:8      | Found Fangik's Jewellery Boutique.
  7370 | D:8      | You fall through a shaft!
  7378 | D:9      | Reached * piety under Cheibriados
  7613 | D:9      | Reached ** piety under Cheibriados
  7739 | D:9      | Found a staircase to the Lair.
  7928 | D:9      | Found a glowing golden altar of the Shining One.
  8153 | D:10     | Entered Level 10 of the Dungeon
  8153 | D:10     | Noticed Harold
  8170 | D:10     | Killed Harold
  8170 | D:10     | Reached XP level 10. HP: 79/89 MP: 6/9
  8594 | D:10     | Reached *** piety under Cheibriados
  8765 | D:10     | Reached skill level 10 in Shields
  8797 | D:10     | Noticed XYNTA's ghost (novice OpTm)
  8811 | D:10     | Killed XYNTA's ghost
  8811 | D:10     | Reached skill level 10 in Axes
  8823 | D:10     | Noticed Sonja
  8834 | D:10     | Killed Sonja
  9246 | D:11     | Noticed a hill giant
  9254 | D:11     | Killed a hill giant
  9254 | D:11     | Reached skill level 1 in Invocations
  9254 | D:11     | Reached XP level 11. HP: 80/97 MP: 10/10
  9344 | D:11     | You fall through a shaft for 2 floors!
  9344 | D:13     | Noticed a hill giant
  9348 | D:13     | Noticed a green ugly thing
  9348 | D:13     | Noticed a hill giant
  9350 | D:13     | Killed a hill giant
  9355 | D:13     | Reached **** piety under Cheibriados
  9360 | D:13     | Killed a hill giant
  9370 | D:13     | Reached skill level 10 in Armour
  9373 | D:13     | HP: 6/148 [yak (10)]
  9378 | D:13     | HP: 6/148 [yak (7)]
  9379 | D:13     | Killed a green ugly thing
  9383 | D:13     | Slain by an ice devil

Skill      XL: |  1  2  3  4  5  6  7  8  9 10 11 |
---------------+----------------------------------+-----
Shields        | 4 5 6 7 9 10 11 | 11.4
Armour         | 4 5 6 8 9 10 | 10.0
Fighting       | 4 5 6 7 8 9 |  9.7
Dodging        | 1 2 3 5 6 |  6.4
Axes           | 3 4 5 7 9 10 11 | 11.4
Stealth        | 1 |  1.3
Invocations    | 1 |  1.2
Evocations     | |  0.1

Action                   |  1- 3 |  4- 6 |  7- 9 | 10-12 || total
-------------------------+-------+-------+-------+-------++-------
Melee: War axe           |   117 |    55 |   470 |   109 ||   751
       Headbutt          |    13 |    11 |    84 |    32 ||   140
       Bite              |       |       |    32 |    26 ||    58
Invok: Bend Time         |       |       |     1 |       ||     1
       Temporal Distorti |       |       |       |     1 ||     1
       Slouch            |       |       |       |     1 ||     1
Evoke: Wand              |       |       |     1 |       ||     1
  Use: Potion            |     2 |     7 |     6 |    10 ||    25
       Scroll            |     2 |     4 |     8 |     3 ||    17
  Eat: Chunk             |     1 |     4 |     9 |     3 ||    17
       Beef jerky        |       |       |     2 |       ||     2
       Royal jelly       |       |       |     3 |       ||     3
       Pizza             |       |       |     1 |       ||     1
Armor: Scale mail        |    69 |    23 |   101 |       ||   193
       Plate armour      |       |       |    67 |    94 ||   161
       Skin              |       |       |       |    67 ||    67
Dodge: Dodged            |    37 |    14 |   128 |    65 ||   244
Block: Shield            |    72 |    26 |   288 |   166 ||   552
